 Dungeon Crawl Stone Soup version 0.21.1-1-g345015f (webtiles) character file.

106403 Tarshaid the Martial Artist (level 15, -3/207 HPs)
             Began as a Red Draconian Transmuter on Apr 13, 2018.
             Was an Initiate of Gozag.
             Succumbed to a sea snake's poison
             ... on level 1 of the Shoals on Apr 14, 2018.
             The game lasted 02:55:23 (32576 turns).

Tarshaid the Martial Artist (DrTm)                 Turns: 32576, Time: 02:55:23

Health: -3/207     AC: 18    Str: 18    XL:     15   Next: 97%
Magic:  25/26      EV: 30    Int: 19    God:    Gozag
Gold:   1677       SH:  9    Dex: 30    Spells: 8/29 levels left

rFire    + . .     SeeInvis .     - Unarmed
rCold    + . .     Gourm    .   w - +0 buckler
rNeg     . . .     Faith    .   (armour unavailable)
rPois    .         Spirit   .   (helmet restricted)
rElec    .         Reflect  +   Z - +2 cloak
rCorr    .         Harm     .   u - +2 pair of gloves {Dex+3}
MR       ++...                  f - +2 pair of boots
Stlth    ..........             s - +2 amulet of reflection
HPRegen  0.44/turn              d - ring of the Firefly {rC+ Int+2}
MPRegen  0.20/turn              I - +6 ring of dexterity

@: mighty, agile, berserking, lethally poisoned (-3 -> -86), gold aura, hasted,
very quick
A: breathe fire, unfitting armour, agile 1, fire resistance 1, magic resistance
1, cold-blooded, AC +9
a: Breathe Fire, Potion Petition, Call Merchant, Bribe Branch, Renounce Religion


You were on level 1 of the Shoals.
You worshipped Gozag.
Gozag was most pleased with you.
You were very hungry.

You visited 5 branches of the dungeon, and saw 25 of its levels.
You also visited: Labyrinth, Bailey and Ice Cave.

You collected 8614 gold pieces.
You spent 3479 gold pieces at shops.
You paid 3458 gold pieces to Gozag.

Inventory:

Missiles
 a - 429 arrows
 m - 7 throwing nets (quivered)
Armour
 f - a +2 pair of boots (worn)
 u - a +2 pair of gloves of dexterity (worn)
 w - a +0 buckler (worn)
 Z - a +2 cloak (worn)
Jewellery
 d - the ring of the Firefly (left hand) {rC+ Int+2}
   (You bought it in a shop on level 7 of the Dungeon)

   [ring of protection from cold]

   It affects your intelligence (+2).
   It protects you from cold.
 g - an uncursed ring of poison resistance
 s - a +2 amulet of reflection (around neck)
 E - an uncursed ring of resist corrosion
 H - an uncursed ring of ice
 I - a +6 ring of dexterity (right hand)
 J - the ring "Niodiede" {rElec rC+ rN+ Str-5}
   (You found it on level 2 of the Lair of Beasts)

   [ring of protection from cold]

   It affects your strength (-5).
   It protects you from cold.
   It insulates you from electricity.
   It protects you from negative energy.
 P - an uncursed ring of positive energy
 T - an uncursed ring of see invisible
Wands
 e - a wand of iceblast (63)
 t - a wand of digging (11)
 L - a wand of paralysis (15)
 N - a wand of flame (18)
 O - a wand of random effects (33)
Scrolls
 j - 11 scrolls of teleportation
 l - 8 scrolls of remove curse
 n - 4 scrolls of magic mapping
 y - 3 scrolls of fog
 Q - 4 scrolls of fear
Potions
 i - 12 potions of curing
 o - 5 potions of haste
 p - 2 potions of agility
 q - 5 potions of magic
 r - a potion of cancellation
 v - 3 potions of heal wounds
 x - a potion of resistance
 A - 2 potions of might
 D - 5 potions of brilliance
 M - 2 potions of flight
 S - 5 potions of ambrosia
 V - a potion of berserk rage
 Y - a potion of invisibility {unknown}
Books
 F - a book of Transfigurations

   Spells                             Type                      Level
   a - Irradiate                      Conjuration/Transmutation    5
   b - Statue Form                    Transmutation/Earth          6
   c - Hydra Form                     Transmutation                6
   d - Dragon Form                    Transmutation                7
Miscellaneous
 z - a fan of gales
 B - a phial of floods
Comestibles
 c - 16 rations


   Skills:
 - Level 14.0 Fighting
 - Level 11.1 Dodging
 + Level 5.3 Shields
 * Level 14.4 Unarmed Combat
 + Level 7.7 Spellcasting
 * Level 13.8 Transmutations
 - Level 2.0 Ice Magic
 + Level 6.3 Evocations


You had 8 spell levels left.
You knew the following spells:

 Your Spells              Type           Power        Failure   Level  Hunger
a - Beastly Appendage     Tmut           ######       1%          1    None
b - Regeneration          Chrm/Necr      #.........   28%         3    #......
c - Blade Hands           Tmut           ######....   1%          5    #####..
d - Ice Form              Ice/Tmut       #####...     3%          4    ###....
e - Sticks to Snakes      Tmut           ######..     1%          2    None
f - Hydra Form            Tmut           ######....   4%          6    ######.


Dungeon Overview and Level Annotations

Branches:
Dungeon (15/15)            Temple (1/1) D:7            Lair (6/6) D:10
 Shoals (1/4) Lair:3       Spider (0/4) Lair:2        Slime (0/5) Lair:5
    Orc (2/2) D:9             Elf (0/3) Orc:2        Vaults (0/5) D:14
 Depths (0/5) D:15

Altars:
Ashenzari
Cheibriados
Dithmenos
Elyvilon
Fedhas
Gozag
Hepliaklqana
Kikubaaqudgha
Makhleb
Nemelex Xobeh
Okawaru
Qazlal
Ru
Sif Muna
Trog
Uskayaw
Vehumet
Wu Jian
Xom
Yredelemnul
Zin
The Shining One
Jiyva

Shops:
D:7 =   D:11 (([[   Orc:2 [*(:

Annotations:
D:9 Clouds of flame and gold


Innate Abilities, Weirdness & Mutations

You can breathe blasts of fire.
Your fiery red scales are hard. (AC +9)
You cannot fit into any form of body armour.
Your flesh is heat resistant. (rF+)
You are cold-blooded and may be slowed by cold attacks.
You are agile. (Dex +2)
You are resistant to hostile enchantments. (MR+)


Message History

The sea snake poisons you!
You punch Roxanne!
You tail-slap Roxanne, but do no damage.
Roxanne is almost destroyed.
* * * LOW HITPOINT WARNING * * *
You feel very sick.
Roxanne mumbles some strange words.
The iron shot hits you!
* * * LOW HITPOINT WARNING * * *
You are too berserk!
You hit Roxanne.
You tail-slap Roxanne, but do no damage.
Roxanne is almost destroyed.
* * * LOW HITPOINT WARNING * * *
You feel very sick. You block the sea snake's attack.
The merfolk completely misses you.
You pummel Roxanne!!
You destroy Roxanne!
You die...
Your body crumbles into a pile of gold.

≈≈≈P≈P≈≈......≈≈
≈≈≈≈≈≈≈P......≈≈≈≈≈
≈≈≈≈≈≈≈........≈≈≈ ...
≈≈≈≈≈≈≈P........≈≈ ...
≈≈≈≈≈≈≈≈P....#..# ....
≈≈≈≈≈≈≈$?......≈##≈....
≈≈≈≈≈≈≈.......≈≈≈≈##...
$.≈≈≈≈≈≈...$$..≈≈≈≈....
...≈≈≈.$..@.(..≈≈≈# $
..≈.≈....S#m..><##....
....≈.........#≈# .
...≈≈≈≈........≈≈m
≈≈≈≈≈≈≈≈≈≈...!≈≈≈≈≈.
≈≈≈≈≈≈≈≈≈≈....≈≈≈≈≈..
≈≈≈≈≈≈≈≈≈≈.≈≈≈≈≈≈≈..
≈≈≈≈≈≈≈≈≈≈≈≈≈≈≈≈≈..
≈≈≈≈≈≈≈≈≈≈≈≈.


You could see a sea snake and a merfolk.

Vanquished Creatures
  A tengu reaver (D:13)
  Roxanne (Shoals:1)
  An orc warlord (Orc:1)
  Azrael (D:12)
  Snorg (Lair:4)
  A minotaur (Lab)
  2 fire dragons (D:15)
  A great orb of eyes (D:13)
  A merfolk impaler (Shoals:1)
  Josephine (Lair:4)
  Fannar (Lair:1)
  Harold (Lair:1)
  2 death knights (D:13)
  4 hydras
  5 centaur warriors
  A merfolk avatar (Shoals:1)
  A catoblepas (Lair:6)
  4 two-headed ogres
  A deep troll shaman (Lair:6)
  13 death yaks
  A tengu warrior (D:14)
  6 orc high priests (Orc:2)
  Urug (D:14)
  Nergalle (D:12)
  4 skeletal warriors (D:15)
  The ghost of Totori the Covert, a novice NaTm of Okawaru (D:8)
  3 unseen horrors
  2 phantasmal warriors (D:13)
  4 orc knights
  A wolf spider zombie (D:14)
  7 ugly things
  A wolf spider (D:15)
  2 deep elf magi
  5 orc sorcerers (Orc:2)
  4 manticores
  4 cyclopes
  A moth of wrath (shapeshifter) (D:13)
  6 centaur zombies
  Joseph (Lair:1)
  8 elephants
  2 gargoyles
  3 ice statues (IceCv)
  4 black mambas
  A yaktaur (D:13)
  8 spiny frogs
  2 rime drakes
  A kobold demonologist (D:12)
  6 komodo dragons
  A freezing wraith (D:15)
  A tengu conjurer (D:13)
  2 merfolk (Shoals:1)
  A hornet (shapeshifter) (D:13)
  5 trolls
  A hornet (D:15)
  4 polar bears
  13 blink frogs
  A slime creature (D:13)
  11 hippogriffs
  A meliai zombie (D:10)
  A snapping turtle (Lair:3)
  A shadow (D:13)
  4 redbacks
  4 water elementals (D:15)
  Sigmund (D:6)
  5 wyverns
  47 yaks
  8 wraiths
  A steam dragon (Lair:2)
  4 fire elementals (D:12)
  16 humans (D:14)
  3 hungry ghosts
  A golden eye (shapeshifter) (D:15)
  2 basilisks
  7 vampire mosquitoes
  Menkaure (D:6)
  2 wargs (Orc:1)
  An acid dragon (D:13)
  A soldier ant (D:12)
  11 water moccasins
  2 hell hounds (D:12)
  20 orc warriors
  6 sky beasts
  Duvessa (D:6)
  11 porcupines
  An eye of draining (D:15)
  21 ice beasts
  A necrophage (D:13)
  4 phantoms
  2 black bears
  6 wolves
  12 crocodiles
  6 centaurs
  11 ogres
  6 big kobolds
  21 bullfrogs
  A wyvern zombie (D:13)
  8 gnoll sergeants (Bailey)
  2 wyvern skeletons
  Dowan (D:6)
  3 scorpions
  4 wights
  10 killer bees
  3 electric eels
  11 howler monkeys
  5 crimson imps
  2 quasits (D:7)
  11 hounds
  4 jellies
  A wyvern simulacrum (D:13)
  3 bullfrog skeletons
  2 bullfrog zombies
  6 centaur skeletons
  21 orc wizards
  13 orc priests
  6 iguanas
  6 gnoll shamans (Bailey)
  15 worker ants
  A hound skeleton (D:4)
  2 worker ant zombies
  18 gnolls
  13 adders
  6 shadow imps
  An ooze (D:1)
  An adder skeleton (D:9)
  2 adder zombies
  A worm (D:3)
  3 dart slugs
  4 leopard geckos
  52 orcs
  11 bats
  4 giant cockroaches
  2 gnoll zombies (D:5)
  6 goblins
  8 hobgoblins
  24 kobolds
  4 quokkas
  2 ball pythons
  A ball python skeleton (D:5)
  5 frilled lizards
  A quokka skeleton (D:4)
  A quokka zombie (D:9)
  5 rats
743 creatures vanquished.

Vanquished Creatures (others)
  A bush (D:10)
  8 fungi
  3 plants (D:10)
12 creatures vanquished.

Grand Total: 755 creatures vanquished

Notes
Turn   | Place    | Note
-------+----------+-------------------------------------------
     0 | D:1      | Tarshaid the Draconian Transmuter began the quest for the Orb.
     0 | D:1      | Reached XP level 1. HP: 16/16 MP: 3/3
    56 | D:1      | Reached XP level 2. HP: 15/23 MP: 3/5
   705 | D:1      | Reached XP level 3. HP: 29/29 MP: 4/6
   766 | D:1      | Learned a level 3 spell: Spider Form
  1628 | D:2      | Reached XP level 4. HP: 30/36 MP: 5/7
  2163 | D:3      | Reached XP level 5. HP: 38/41 MP: 4/8
  2636 | D:3      | Found a burning altar of Makhleb.
  2638 | D:3      | Noticed a balrug
  3338 | D:4      | Reached skill level 5 in Unarmed Combat
  3635 | D:5      | Entered Level 5 of the Dungeon
  3648 | D:5      | Reached XP level 6. HP: 44/48 MP: 9/9
  3807 | D:5      | Reached skill level 5 in Transmutations
  3922 | D:5      | Your scales start taking on a fiery red colour.
  3922 | D:5      | Reached XP level 7. HP: 39/55 MP: 6/10
  3922 | D:5      | Gained mutation: Your flesh is heat resistant. (rF+) [Red Draconian growth]
  3970 | D:5      | Found a basalt altar of Yredelemnul.
  4607 | D:6      | Noticed Menkaure
  4611 | D:6      | Killed Menkaure
  4806 | D:6      | Reached XP level 8. HP: 49/61 MP: 7/11
  5139 | D:6      | Noticed Dowan
  5155 | D:6      | Killed Dowan
  5176 | D:6      | Noticed Duvessa
  5186 | D:6      | Killed Duvessa
  5198 | D:6      | Noticed Sigmund
  5676 | D:6      | Killed Sigmund
  5847 | D:7      | Found a staircase to the Ecumenical Temple.
  5857 | Temple   | Entered the Ecumenical Temple
  5915 | Temple   | Became a worshipper of Gozag Ym Sagoz the Greedy
  6089 | D:7      | Reached XP level 9. HP: 70/70 MP: 10/13
  6263 | D:7      | Reached skill level 5 in Fighting
  6343 | D:7      | Noticed a gargoyle
  6453 | D:7      | Learned a level 5 spell: Blade Hands
  6542 | D:7      | Killed a gargoyle
  6555 | D:7      | Got a fine trident {venom}
  6575 | D:7      | Noticed a manticore
  6772 | D:7      | Killed a manticore
  7011 | D:7      | Reached XP level 10. HP: 79/84 MP: 12/14
  8637 | D:9      | Found a staircase to the Orcish Mines.
  9612 | D:10     | Entered Level 10 of the Dungeon
  9613 | D:10     | Found a bloodstained altar of Trog.
 10002 | D:10     | Reached skill level 10 in Unarmed Combat
 10002 | D:10     | Reached skill level 10 in Transmutations
 10211 | D:10     | Reached XP level 11. HP: 44/94 MP: 15/17
 10390 | D:10     | Reached skill level 5 in Dodging
 10397 | D:10     | Found a staircase to the Lair.
 11419 | D:11     | Reached skill level 5 in Spellcasting
 11467 | D:11     | Found a frozen archway.
 11541 | IceCv    | Entered an ice cave
 11760 | IceCv    | Learned a level 4 spell: Ice Form
 11894 | IceCv    | Noticed a white ugly thing
 11919 | IceCv    | Killed a white ugly thing
 11919 | IceCv    | Reached skill level 1 in Ice Magic
 12186 | IceCv    | Noticed a white ugly thing
 12292 | IceCv    | Killed a white ugly thing
 12626 | Temple   | Learned a level 2 spell: Sticks to Snakes
 12694 | D:8      | Noticed Totori's ghost (novice NaTm)
 12706 | D:8      | Killed Totori's ghost
 12781 | D:11     | Found Ybba Rei's Weapon Shop.
 12796 | D:11     | Found Iptied's Antique Armour Shoppe.
 12810 | D:11     | Bought a pair of gloves for 126 gold pieces
 12859 | D:11     | Reached skill level 1 in Evocations
 13035 | D:11     | Found Fukk's Armour Emporium.
 13355 | D:11     | Found Lonuq's Weapon Shop.
 13550 | D:12     | Found a shimmering altar of Xom.
 13607 | D:12     | Noticed Nergalle
 13619 | D:12     | Killed Nergalle
 13679 | D:12     | Reached XP level 12. HP: 106/106 MP: 19/19
 14008 | D:12     | Reached skill level 10 in Fighting
 14027 | D:12     | Noticed Azrael
 14035 | D:12     | Killed Azrael
 14388 | D:12     | Noticed a two-headed ogre
 14441 | D:12     | Killed a two-headed ogre
 14675 | Lair:1   | Entered Level 1 of the Lair of Beasts
 15233 | Lair:1   | Noticed Joseph
 15479 | Lair:1   | Noticed Harold
 15503 | Lair:1   | Killed Harold
 15802 | Lair:1   | Killed Joseph
 15829 | Lair:1   | Noticed Fannar
 15844 | Lair:1   | Killed Fannar
 16273 | Lair:1   | Reached skill level 5 in Evocations
 16951 | Lair:2   | Found a hole to the Spider Nest.
 17210 | Lair:2   | Got a wavering steel ring
 17211 | Lair:2   | Identified the ring "Niodiede" {rElec rC+ rN+ Str-5} (You found it on level 2 of the Lair of Beasts)
 17897 | Lair:3   | Reached XP level 13. HP: 99/115 MP: 18/20
 18422 | Lair:3   | Found a staircase to the Shoals.
 19337 | Lair:4   | Noticed Josephine
 19381 | Lair:4   | Killed Josephine
 19443 | Lair:4   | Noticed Snorg
 19493 | Lair:4   | Killed Snorg
 21337 | Lair:5   | Found a staircase to the Slime Pits.
 21339 | Lair:5   | Found a viscous altar of Jiyva.
 21848 | Lair:6   | Entered Level 6 of the Lair of Beasts
 22118 | Lair:6   | Reached XP level 14. HP: 77/126 MP: 19/23
 22609 | Lair:6   | Learned a level 6 spell: Hydra Form
 23203 | Orc:1    | Entered Level 1 of the Orcish Mines
 23213 | Orc:1    | Found Cang's Distillery.
 23218 | Orc:1    | Bought a potion of mutation for 144 gold pieces
 23218 | Orc:1    | Bought a potion of ambrosia for 144 gold pieces
 23218 | Orc:1    | Bought a potion of curing for 54 gold pieces
 23218 | Orc:1    | Bought a potion of brilliance for 72 gold pieces
 23218 | Orc:1    | Bought a potion of haste for 180 gold pieces
 23218 | Orc:1    | Bought a potion of curing for 54 gold pieces
 23218 | Orc:1    | Bought a potion of magic for 144 gold pieces
 23218 | Orc:1    | Bought 2 potions of ambrosia for 288 gold pieces
 23218 | Orc:1    | Bought a potion of heal wounds for 90 gold pieces
 23218 | Orc:1    | Bought a potion of brilliance for 72 gold pieces
 23218 | Orc:1    | Bought a potion of curing for 54 gold pieces
 23224 | Orc:1    | Found a flagged portal.
 23235 | Bailey   | Entered a bailey
 23911 | Orc:1    | You fall through a shaft!
 23911 | Orc:2    | Entered Level 2 of the Orcish Mines
 23925 | Orc:2    | Noticed an orc warlord
 23926 | Orc:2    | Found Saucs's General Store.
 23933 | Orc:2    | Found a staircase to the Elven Halls.
 23938 | Orc:2    | Found Taosal's Book Shoppe.
 24072 | Orc:2    | Found Lomuplug's Antique Weapon Shop.
 24087 | Orc:2    | Found a labyrinth entrance.
 24099 | Lab      | Entered a labyrinth
 24821 | Orc:2    | Reached skill level 10 in Dodging
 24909 | Orc:2    | Gained mutation: You are resistant to hostile enchantments. (MR+) [potion of mutation]
 24909 | Orc:2    | Gained mutation: You are agile. (Dex +2) [potion of mutation]
 24970 | Orc:2    | Paralysed by an orc sorcerer for 3 turns
 26135 | Orc:1    | Killed an orc warlord
 26320 | Orc:2    | Paralysed by an orc sorcerer for 5 turns
 26354 | Orc:2    | Paralysed by an orc sorcerer for 3 turns
 26641 | Orc:2    | Bought a scroll of fog for 30 gold pieces
 26641 | Orc:2    | Bought a scroll of identify for 30 gold pieces
 26641 | Orc:2    | Bought a scroll of identify for 30 gold pieces
 26727 | Orc:2    | Found Qageroys's Antique Armour Shoppe.
 26776 | Orc:2    | Bought a pair of runed gloves for 157 gold pieces
 26776 | Orc:2    | Bought a buckler for 94 gold pieces
 27372 | D:13     | Reached skill level 1 in Shields
 27435 | D:13     | Bought a ration for 55 gold pieces
 27435 | D:13     | Bought a ration for 55 gold pieces
 27435 | D:13     | Bought a ration for 55 gold pieces
 27435 | D:13     | Bought a ration for 55 gold pieces
 27435 | D:13     | Bought a ration for 55 gold pieces
 27435 | D:13     | Bought a ration for 55 gold pieces
 27435 | D:13     | Bought a ration for 55 gold pieces
 27435 | D:13     | Bought a ration for 55 gold pieces
 27435 | D:13     | Bought a ration for 55 gold pieces
 27963 | D:13     | Reached XP level 15. HP: 135/135 MP: 25/25
 28281 | D:13     | Noticed a tengu reaver
 28290 | D:13     | Killed a tengu reaver
 29342 | D:14     | Found a gate to the Vaults.
 29342 | D:14     | Noticed Urug
 30121 | D:14     | Killed Urug
 30484 | D:15     | Entered Level 15 of the Dungeon
 30789 | D:15     | Reached skill level 5 in Shields
 31787 | D:15     | Found a staircase to the Depths.
 32313 | D:7      | Bought a ration for 65 gold pieces
 32313 | D:7      | Bought a ration for 65 gold pieces
 32313 | D:7      | Bought a ration for 65 gold pieces
 32313 | D:7      | Bought a ration for 65 gold pieces
 32313 | D:7      | Bought a ration for 65 gold pieces
 32313 | D:7      | Bought a ration for 65 gold pieces
 32313 | D:7      | Bought a ration for 65 gold pieces
 32313 | D:7      | Bought a ration for 65 gold pieces
 32313 | D:7      | Bought a ration for 65 gold pieces
 32313 | D:7      | Bought a ration for 65 gold pieces
 32313 | D:7      | Bought a ration for 65 gold pieces
 32323 | Temple   | Learned a level 3 spell: Regeneration
 32341 | D:7      | Bought the ring of the Firefly {rC+ Int+2} for 506 gold pieces
 32535 | Shoals:1 | Entered Level 1 of the Shoals
 32535 | Shoals:1 | Noticed Roxanne
 32574 | Shoals:1 | HP: 5/207 [Roxanne/iron shot (23)]
 32575 | Shoals:1 | HP: 1/207 [poisoned by a sea snake]
 32576 | Shoals:1 | Killed Roxanne
 32576 | Shoals:1 | Succumbed to a sea snake's poison

Skill      XL: |  1  2  3  4  5  6  7  8  9 10 11 12 13 14 15 |
---------------+----------------------------------------------+-----
Dodging        | 2 3 4 6 8 9 10 11 | 11.1
Fighting       | 2 3 6 8 9 10 12 13 14 | 14.0
Transmutations | 3 4 5 6 8 9 10 11 12 13 | 13.8
Unarmed Combat | 4 5 7 8 9 10 11 12 13 14 | 14.4
Spellcasting   | 3 4 5 6 7 |  7.7
Ice Magic      | 2 |  2.0
Evocations     | 2 5 6 |  6.3
Shields        | 4 5 |  5.3

Action                   |  1- 3 |  4- 6 |  7- 9 | 10-12 | 13-15 || total
-------------------------+-------+-------+-------+-------+-------++-------
Melee: Unarmed           |   151 |   148 |   285 |   734 |  1229 ||  2547
       Tailslap          |     9 |     6 |    23 |    87 |   239 ||   364
       Kick              |    10 |     1 |       |       |       ||    11
       Headbutt          |     2 |     7 |    29 |    76 |   225 ||   339
       Punch             |     1 |     2 |    10 |    31 |    52 ||    96
Throw: Stone             |     2 |    47 |    46 |   106 |    17 ||   218
       Javelin           |       |     5 |     2 |     8 |       ||    15
 Cast: Beastly Appendage |    17 |    11 |    21 |    60 |    91 ||   200
       Spider Form       |     1 |    13 |     6 |     1 |       ||    21
       Blade Hands       |       |       |     1 |    11 |    32 ||    44
       Ice Form          |       |       |       |     7 |     7 ||    14
       Hydra Form        |       |       |       |       |     2 ||     2
       Sticks to Snakes  |       |       |       |       |     1 ||     1
Invok: Potion Petition   |       |       |       |       |     4 ||     4
       Call Merchant     |       |       |       |       |     3 ||     3
 Abil: Breathe Fire      |       |       |    24 |    61 |    85 ||   170
Evoke: Wand              |       |       |       |     1 |    33 ||    34
  Use: Scroll            |       |       |     7 |    10 |    20 ||    37
       Potion            |       |       |       |     4 |     5 ||     9
 Stab: Sleeping          |     2 |       |       |     1 |     7 ||    10
       Distracted        |       |       |     1 |     3 |     6 ||    10
       Petrified         |       |       |       |       |     5 ||     5
  Eat: Chunk             |     3 |    10 |     9 |       |       ||    22
       Ration            |       |       |     3 |    15 |    22 ||    40
Armor: Skin              |    47 |    25 |    64 |   169 |   208 ||   513
Dodge: Dodged            |    84 |    72 |   150 |   371 |   738 ||  1415
Block: Other             |       |     6 |    11 |    44 |    38 ||    99
       Reflection        |       |     1 |       |     1 |     7 ||     9
       Buckler           |       |       |       |       |   149 ||   149
